 Dungeon Crawl Stone Soup version 0.29.0-7-g18a832c13a (webtiles) character file.

Game seed: 5143798245648818356

2142 Querens the Shield-Bearer (level 9, -2/69 (78) HPs)
             Began as a Meteoran Fighter on Sept 1, 2022.
             Was an Initiate of Okawaru.
             Slain by a wight
             ... wielding a +3 trident of freezing
              (6 damage)
             ... on level 7 of the Dungeon.
             The game lasted 00:16:09 (3636 turns).

Querens the Shield-Bearer (Meteoran Fighter)        Turns: 3636, Time: 00:16:10

HP:   -2/69 (78)    AC:  9    Str: 22    XL:     9   Next: 86%
MP:   17/17         EV: 10    Int:  9    God:    Okawaru [......]
Gold: 321           SH:  7    Dex: 21    Spells: 16/18 levels left

rFire   . . .      SeeInvis .   a - +0 war axe
rCold   . . .      Faith    .   c - +0 buckler
rNeg    . . .      Spirit   .   g - +0 troll leather armour
rPois   .          Reflect  .   r - +2 helmet
rElec   .          Harm     .   (no cloak)
rCorr   .          Rampage  .   B - +0 pair of gloves
Will    +....                   (no boots)
Stlth   +.........              (no amulet)
HPRegen 1.01/turn               E - +6 ring of dexterity
MPRegen 0.15/turn               (no ring)

@: glowing, heavily drained
A: sense surroundings 2, otherworldly, glowing, explore regen
a: Renounce Religion


You were on level 7 of the Dungeon.
You worshipped Okawaru.
Okawaru was noncommittal.
You visited 2 branches of the dungeon, and saw 8 of its levels.

You collected 481 gold pieces.
You spent 160 gold pieces at shops.

Inventory:

Hand Weapons
 a - a +0 war axe (weapon)
 A - the +6 great sword of Discretion {vamp, Dex+5}
   (You found it on level 5 of the Dungeon)

   It occasionally heals its wielder for a portion of the damage dealt when it
   wounds a living foe.
   Dex:       It affects your dexterity (+5).
 I - the +5 hand axe of a wizard's laboratory {drain, Contam Int+4 Dex+7}
   (You bought it in a shop on level 7 of the Dungeon)

   A truly terrible weapon, it drains the life of any living foe it strikes.
   Int:       It affects your intelligence (+4).
   Dex:       It affects your dexterity (+7).
   Contam:    It causes magical contamination when unequipped.
Armour
 c - a +0 buckler (worn)
 g - a +0 troll leather armour (worn)
 r - a +2 helmet (worn)
 B - a +0 pair of gloves (worn)
 D - a +0 plate armour
Jewellery
 C - a ring of wizardry
 E - a +6 ring of dexterity (left hand)
Wands
 y - a wand of acid (2)
Scrolls
 b - a scroll of vulnerability {unknown}
 d - a scroll of enchant armour {unknown}
 f - a scroll of fear
 i - 2 scrolls of amnesia {unknown}
 k - 2 scrolls of teleportation {unknown}
 l - a scroll of enchant weapon {unknown}
 m - a scroll of torment {unknown}
 n - 3 scrolls of blinking {unknown}
 t - 5 scrolls of identify {unknown}
 v - a scroll of poison {unknown}
 G - a scroll of immolation {unknown}
 H - a scroll of summoning {unknown}
Potions
 e - a potion of ambrosia {unknown}
 h - a potion of curing {unknown}
 j - a potion of brilliance {unknown}
 o - a potion of lignification
 p - 2 potions of resistance {unknown}
 q - a potion of berserk rage
 s - a potion of magic {unknown}
 u - a potion of might
 w - a potion of invisibility {unknown}
 x - a potion of attraction {unknown}
 z - a potion of flight {unknown}
 F - a potion of degeneration {unknown}


   Skills:
 + Level 6.5 Fighting
 + Level 6.6 Axes
 + Level 7.2 Armour
 + Level 7.2 Shields
 + Level 5.0 Spellcasting
 + Level 4.5 Transmutations
 + Level 0.7 Invocations


You had 16 spell levels left.
You knew the following spells:

 Your Spells              Type           Power      Damage    Failure   Level
a - Wereblood             Tmut           10%        N/A       9%          2

Your spell library contained the following spells:

 Spells                   Type           Power      Damage    Failure   Level
 Beastly Appendage        Tmut           20%        N/A       5%          1
 Passwall                 Tmut/Erth      5%         N/A       21%         2
 Spider Form              Tmut/Pois      6%         N/A       38%         3
 Ensorcelled Hibernation  Hex/Ice        4%         N/A       45%         2
 Dazzling Flash           Conj/Hex       4%         N/A       71%         3
 Swiftness                Air            2%         N/A       71%         3
 Airstrike                Air            1%         2d(1-17)  98%         4
 Iskenderun's Mystic Bla  Conj/Tloc      2%         2d3       98%         4
 Lightning Bolt           Conj/Air       1%         1d12      100%        5
 Starburst                Conj/Fire      1%         6d3       100%        6
 Summon Lightning Spire   Summ/Air       Unusable   N/A       N/A         4

Dungeon Overview and Level Annotations

Branches:
Dungeon (7/15) Zot: 497    Temple (1/1) D:7 Zot: 507

Altars:
Ashenzari
Cheibriados
Elyvilon
Fedhas
Gozag
Hepliaklqana
Makhleb
Nemelex Xobeh
Okawaru
Qazlal
Ru
Trog
Uskayaw
Vehumet
Wu Jian
Xom
Yredelemnul
Zin
The Shining One

Shops:
D:7 (


Innate Abilities, Weirdness & Mutations

You passively map the area around you.
You are easily found by Zot.
You glow in the dark.
You regain HP and MP as you explore.


Message History

You slash the wight!
The wight is heavily damaged.
The wight hits you but does no damage.
The wight hits you from afar with a +3 trident of freezing.
You feel drained. The wight freezes you.
You hit the wight.
The wight is heavily damaged.
The wight barely misses you. The wight misses you.
The wight hits you with a +3 long sword.
The wight barely misses you.
You completely miss the wight.
The wight is heavily damaged.
You block the wight's attack. The wight hits you but does no damage.
You hit the wight but do no damage.
The wight is heavily damaged.
The wight barely misses you. You block the wight's attack.
You hit the wight but do no damage.
The wight is heavily damaged.
The wight hits you with a +3 long sword.
You feel drained.
The wight hits you from afar with a +3 trident of freezing.
You feel drained. The wight freezes you.
You hit the wight but do no damage.
The wight is heavily damaged.
The wight hits you with a +3 long sword.
You feel drained. The wight closely misses you. x2
The wight barely misses you.
You hit the wight but do no damage.
The wight is heavily damaged.
The wight barely misses you. The wight closely misses you.
You hit the wight but do no damage.
The wight is heavily damaged.
The wight hits you with a +3 long sword!
* * * LOW HITPOINT WARNING * * *
The wight hits you from afar with a +3 trident of freezing!
* * * LOW HITPOINT WARNING * * *
You feel drained.
* * * LOW HITPOINT WARNING * * *
The wight freezes you.
You die...

######.# #......# #......#
#......# #......#
######.###################
#...................#
###################.#
#...@)#######.#
#.###z#....∩).# #.#
,z#.####### #.# *.#.# #.#
.#.# #.#, .#.# #.#####.#
#.......# #########


You could see 2 wights.

Vanquished Creatures
  Maggie (D:6)
  A steam dragon (D:7)
  A water moccasin (D:7)
  An orc warrior (D:7)
  A sky beast (D:6)
  A black bear (D:4)
  An ice beast (D:7)
  An ogre (D:6)
  A phantom (D:6)
  A necrophage (D:6)
  2 scorpions
  2 wights (D:7)
  2 howler monkeys
  2 hounds (D:6)
  2 jellies
  A gnoll bouda (D:2)
  4 orc priests
  3 iguanas
  6 orc wizards
  Robin (D:2)
  4 gnolls (D:2)
  7 adders
  2 white imps
  2 worms (D:2)
  A dart slug (D:2)
  25 orcs
  8 endoplasms
  4 giant cockroaches
  10 goblins
  11 hobgoblins
  3 jackals (D:2)
  2 quokkas
  3 ball pythons
  2 bats
  5 frilled lizards (D:5)
  10 kobolds
  2 rats
136 creatures vanquished.

Vanquished Creatures (others)
  4 fungi (D:6)
  4 plants (D:5)
8 creatures vanquished.

Grand Total: 144 creatures vanquished

Notes
Turn   | Place    | Note
-------+----------+-------------------------------------------
     0 | D:1      | Querens the Meteoran Fighter began the quest for the Orb.
     0 | D:1      | Reached XP level 1. HP: 19/19 MP: 2/2
   173 | D:1      | Found a faded altar of an unknown god.
   233 | D:1      | Reached XP level 2. HP: 26/26 MP: 3/3
   438 | D:2      | Reached XP level 3. HP: 30/31 MP: 4/4
   499 | D:2      | Reached XP level 4. HP: 27/40 MP: 5/5
   630 | D:2      | Reached XP level 5. HP: 20/46 MP: 6/6
   633 | D:2      | Noticed Robin
  1149 | D:2      | Killed Robin
  1150 | D:2      | Reached XP level 6. HP: 52/52 MP: 7/7
  1331 | D:2      | Reached skill level 5 in Shields
  1474 | D:4      | Reached skill level 5 in Armour
  1529 | D:4      | Reached XP level 7. HP: 57/60 MP: 8/8
  1575 | D:4      | Learned a level 2 spell: Wereblood
  1614 | D:4      | Found a hide-covered altar of Uskayaw.
  1614 | D:4      | Found a snail-covered altar of Cheibriados.
  1717 | D:4      | Reached skill level 1 in Spellcasting
  1720 | D:4      | Reached skill level 5 in Fighting
  1720 | D:4      | Reached skill level 1 in Transmutations
  1828 | D:5      | Entered Level 5 of the Dungeon
  2005 | D:5      | Reached XP level 8. HP: 66/68 MP: 11/11
  2124 | D:5      | Reached skill level 5 in Axes
  2341 | D:5      | Identified the +6 great sword of Discretion {vamp, Dex+5}
  2415 | D:5      | Found a stormy altar of Qazlal.
  2539 | D:6      | Found a sparkling altar of Nemelex Xobeh.
  2908 | D:6      | Noticed Maggie
  2919 | D:6      | Killed Maggie
  2920 | D:6      | Gained mutation: You passively map the area around you.
                  | [Meteoran growth]
  2920 | D:6      | Reached XP level 9. HP: 42/75 MP: 14/16
  3037 | D:6      | Found a white marble altar of Elyvilon.
  3157 | D:7      | HP: 8/168 [poisoned by a water moccasin]
  3458 | D:7      | Found a staircase to the Ecumenical Temple.
  3467 | Temple   | Entered the Ecumenical Temple
  3553 | Temple   | Became a worshipper of Warmaster Okawaru
  3593 | D:7      | Found Xion's Antique Weapon Emporium.
  3600 | D:7      | Bought a shimmering hand axe for 160 gold pieces
  3600 | D:7      | Identified the +5 hand axe of a wizard's laboratory {drain,
                  | Contam Int+4 Dex+7} (You bought it in a shop on level 7 of
                  | the Dungeon)
  3624 | D:7      | Reached skill level 5 in Spellcasting
  3636 | D:7      | Slain by a wight

Illustrated notes

Levels and vault maps discovered:
D:1:      psy_arrival_radial02, layout_rooms,
          shapermc_ecumenical_altar_starsandcircs
D:2:      layout_basic, grunt_ministairs_13, hangedman_abyss_or_decor_stabs,
          uniq_robin
D:3:      layout_basic, minmay_misc_feat_rows
D:4:      layout_cave_pools, gammafunk_temple_overflow_statue
D:5:      layout_gridville, kennysheep_little_box, minmay_lizard_king
D:6:      layout_loops_ring, nemelex_diamond_rough_becter,
          nicolae_elyvilon_temple_path, serial_aquarium,
          aquarium_bridge_straight [aquarium_subvault_bridge,
          aquarium_subvault_wall, aquarium_subvault_bridge,
          aquarium_subvault_window], aquarium_window_fake, aquarium_window_1,
          aquarium_window_fake, aquarium_view_2c, aquarium_view_2d,
          aquarium_balcony_3b, aquarium_pool_1, uniq_maggie
D:7:      layout_basic, minmay_temple_entry_drinking_statues, serial_shops,
          shop, minmay_misc_feat_cross
Temple:   nicolae_temple_superstar

Skill      XL: |  1  2  3  4  5  6  7  8  9 |
---------------+----------------------------+-----
Shields        | 4 5 6 7 |  7.2
Armour         | 4 5 6 7 |  7.2
Axes           | 3 4 6 |  6.6
Fighting       | 4 5 6 |  6.5
Spellcasting   | 1 4 5 |  5.0
Transmutations | 1 3 4 |  4.5
Invocations    | |  0.7

Action                   |  1- 3 |  4- 6 |  7- 9 || total
-------------------------+-------+-------+-------++-------
Melee: War axe           |    59 |   172 |   246 ||   477
Evoke: Wand              |       |       |     4 ||     4
  Use: Potion            |       |     1 |     2 ||     3
       Scroll            |       |     1 |       ||     1
Armor: Scale mail        |    23 |       |       ||    23
       Troll leather arm |    14 |    87 |   121 ||   222
       Skin              |       |       |     4 ||     4
Dodge: Dodged            |    36 |    91 |    86 ||   213
Block: Buckler           |    19 |    60 |    54 ||   133
